 Dungeon Crawl Stone Soup version 0.29.1-4-g47bece8355 (webtiles) character file.

Game seed: 15424007486348834349

53 GigaChad the Covered (level 3, -5/33 HPs)
             Began as a Minotaur Fighter on Dec 5, 2022.
             Killed from afar by Terence (8 damage)
             ... with a bolt of light
             ... on level 2 of the Dungeon.
             The game lasted 00:02:02 (1215 turns).

GigaChad the Covered (Minotaur Fighter)             Turns: 1215, Time: 00:02:03

Health: -5/33      AC:  7    Str: 22    XL:     3   Next: 62%
Magic:  2/2        EV:  9    Int:  5    God:
Gold:   85         SH:  0    Dex:  9    Spells: 2/2 levels left

rFire   . . .      SeeInvis .   a - +0 war axe
rCold   . . .      Faith    .   c - +0 buckler
rNeg    . . .      Spirit   .   b - +0 scale mail
rPois   .          Reflect  .   (helmet restricted)
rElec   .          Harm     .   (no cloak)
rCorr   .          Rampage  .   (no gloves)
Will    .....                   (no boots)
Stlth   ..........              (no amulet)
HPRegen 0.11/turn               (no ring)
MPRegen 0.08/turn               (no ring)

@: confused
A: horns 2, retaliatory headbutt
a: no special abilities


You were on level 2 of the Dungeon.
You visited 1 branch of the dungeon, and saw 2 of its levels.

You collected 85 gold pieces.

Inventory:

Hand Weapons
 a - a +0 war axe (weapon)
Armour
 b - a +0 scale mail (worn)
 c - a +0 buckler (worn)
Scrolls
 f - a scroll of amnesia {unknown}
 j - a scroll of immolation {unknown}
Potions
 d - a potion of might
 e - a potion of brilliance {unknown}
 g - a potion of heal wounds {unknown}
 h - a potion of curing {unknown}
 i - 4 potions of flight {unknown}
 k - a potion of haste {unknown}


   Skills:
 + Level 4.1 Fighting
 + Level 3.3 Axes
 + Level 4.3 Armour
 + Level 4.1 Shields


You had 2 spell levels left.
You didn't know any spells.
Your spell library contained the following spells:

 Spells                   Type           Power      Damage    Failure   Level
 Ignite Poison            Fire/Tmut/Pois 0%         N/A       99%         3
 Mephitic Cloud           Conj/Pois/Air  0%         N/A       99%         3
 Freezing Cloud           Conj/Ice/Air   0%         6-21      100%        5


Dungeon Overview and Level Annotations

Branches:
Dungeon (2/15)

Altars:

Shops:
D:2 =

Annotations:
D:2 Terence


Innate Abilities, Weirdness & Mutations

You have a pair of horns on your head.
You reflexively headbutt those who attack you in melee.


Message History

The adder bites you.
You slash the kobold!
You kill the kobold!
You miss the adder. The adder bites you.
The adder bites you but does no damage. The adder bites you.
Things that are here:
a +0 short sword; a stone You barely miss the adder.
The adder barely misses you. x2
You closely miss the adder. Your headbutt misses the adder.
The adder barely misses you. You furiously retaliate!
You headbutt the adder. The adder closely misses you.
You barely miss the adder.
The adder is heavily wounded.
The adder bites you but does no damage. The adder bites you.
You barely miss the adder. Your headbutt misses the adder.
The adder is heavily wounded.
You block the adder's attack.
You barely miss the adder. You headbutt the adder.
You kill the adder!
HP restored.
Found a dagger.
Found Puempy's Jewellery Emporium.
You open the door.
There is an open door here.
Found a stone staircase leading down.
There is an entrance to Puempy's Jewellery Emporium here.
As you open the door, it creaks loudly!
There is an open door here.
Terence the Incautious comes into view.
He is wielding a +0 mace and carrying a wand of light (6).
Terence is nearby!
Found a scroll labelled WATAUCWOANO.
Terence zaps a wand.
The bolt of light hits you!
Terence zaps a wand.
The bolt of light hits you!!
You are confused.
Ouch! That really hurt!
* * * LOW HITPOINT WARNING * * *
You bump into the rock wall.
Terence zaps a wand.
The bolt of light hits you!
You are more confused.
You die...

#############
............#
###########.# # #.#
####### #### #.# .......
...# #.# .......
...########.# .......
............#####.......
................@.......
######....#.....@.......
##..................?...
##....#.................
......#.......###...##..
.#....#.......# ...# .
..............# .....
......#......... .....
......###.###...


You could see Terence.

Vanquished Creatures
  An adder (D:2)
  2 ball pythons (D:1)
  A bat (D:1)
  6 endoplasms
  2 giant cockroaches (D:1)
  3 goblins (D:1)
  2 hobgoblins (D:2)
  10 jackals
  3 quokkas (D:1)
  3 kobolds
  A rat (D:1)
34 creatures vanquished.

Notes
Turn   | Place    | Note
-------+----------+-------------------------------------------
     0 | D:1      | GigaChad the Minotaur Fighter began the quest for the Orb.
     0 | D:1      | Reached XP level 1. HP: 19/19 MP: 0/0
   148 | D:1      | Reached XP level 2. HP: 22/27 MP: 1/1
   553 | D:1      | Reached XP level 3. HP: 29/33 MP: 2/2
   598 | D:1      | Found a faded altar of an unknown god.
  1140 | D:2      | Found Puempy's Jewellery Emporium.
  1210 | D:2      | Noticed Terence
  1215 | D:2      | Killed from afar by Terence

Illustrated notes

Levels and vault maps discovered:
D:1:      lightli_arrival_windingriver, layout_basic,
          shapermc_ecumenical_altar_mp_ritualfount,
          chequers_serial_rivers_large_a
D:2:      layout_basic, serial_shops, nicolae_shop_hallway_plus, uniq_natasha,
          uniq_terence

Skill      XL: |  1  2  3 |
---------------+----------+-----
Armour         | 4 |  4.3
Fighting       | 4 |  4.1
Shields        | 4 |  4.1
Axes           | 3 |  3.3

Action                   || total
-------------------------++-------
Melee: War axe           ||    55
       Headbutt          ||     5
Armor: Scale mail        ||    32
Dodge: Dodged            ||    25
Block: Buckler           ||    16
